 Dungeon Crawl Stone Soup version 0.17-a0-484-g0e03f6a (console) character file.

30 MrRokkomies the Ruffian (level 3, -8/21 HPs)
             Began as a Gargoyle Transmuter on Apr 10, 2015.
             Was a Follower of Cheibriados.
             Killed from afar by a bat zombie (21 damage)
             ... with an exploding inner flame
             ... hexed by the player character
             ... on level 3 of the Dungeon.
             The game lasted 00:05:37 (1437 turns).

MrRokkomies the Ruffian (Gargoyle Transmuter)       Turns: 1437, Time: 00:05:37

Health: -8/21      AC:  5    Str: 15    XL:     3   Next: 20%
Magic:  6/6        EV: 12    Int: 15    God:    Cheibriados [*.....]
Gold:   69         SH:  0    Dex: 13    Spells: 1 memorised, 5 levels left

rFire  . . .     SeeInvis .       - Unarmed
rCold  . . .     Clarity  .     c - +0 robe
rNeg   + . .     SustAb   .     (no shield)
rPois  ∞         Gourm    .     (no helmet)
rElec  +         Spirit   .     (no cloak)
rCorr  .         Warding  .     (no gloves)
rMut   .         Stasis   .     (no boots)
MR     .....                    (no amulet)
Stlth  +.........               (no ring)
                                h - ring of flight (curse)

@: very slow, not resistant to hostile enchantments, very unstealthy
A: negative energy resistance 1, electricity resistance, unbreathing,
petrification resistance, rot immunity, AC +3
a: Bend Time, Renounce Religion, Evoke Flight


You were on level 3 of the Dungeon.
You worshipped Cheibriados.
Cheibriados was aware of your devotion.
You were not hungry.

You visited 1 branch of the dungeon, and saw 4 of its levels.

You collected 69 gold pieces.

Inventory:

Missiles
 b - 12 arrows
 m - 23 stones (quivered)
Armour
 c - a +0 robe (worn)
Jewellery
 h - a cursed ring of flight (left hand)
Scrolls
 k - 2 scrolls of magic mapping
Potions
 e - 2 potions of restore abilities
 g - 2 potions of agility {unknown}
 o - a potion of magic {unknown}
Books
 d - a book of Changes

   Spells                             Type                      Level
   a - Beastly Appendage              Transmutation                1
   b - Sticks to Snakes               Transmutation                2
   c - Spider Form                    Transmutation/Poison         3
   d - Ice Form                       Ice/Transmutation            4
   e - Blade Hands                    Transmutation                5
Comestibles
 a - 2 bread rations
 i - a beef jerky
 j - a slice of pizza


   Skills:
 * Level 1.9 Fighting
 - Level 1.5 Dodging
 * Level 3.9 Unarmed Combat
 - Level 2.0 Spellcasting
 - Level 1.5 Transmutations


You had 5 spell levels left.
You knew the following spells:

 Your Spells              Type           Power        Failure   Level  Hunger
a - Beastly Appendage     Trmt           #.....       12%         1    #......


Dungeon Overview and Level Annotations

Branches:
Dungeon (4/15)
 Temple: D:4-7

Altars:
Cheibriados
Ru


Innate Abilities, Weirdness & Mutations

You are resistant to torment.
Your stone body is resilient (AC +3).
You are immune to poison.
You resist negative energy.
You are resistant to electric shocks.
You can survive without breathing.
You are immune to petrification.
You are immune to rotting.


Message History

As you read the scroll labeled ROKLUG KABUI, it crumbles to dust.
The creatures around you are filled with an inner flame!
It was a scroll of immolation.
The bat zombie misses you. The bat zombie hits you.
The bat zombie hits you but does no damage.
You barely miss the bat zombie.
The bat zombie hits you but does no damage. x2
The bat zombie closely misses you.
You hit the bat zombie. The bat zombie closely misses you.
The bat zombie closely misses you.
You hit the bat zombie.
The bat zombie explodes!
The fiery explosion engulfs the goblin.
The goblin explodes!
The fiery explosion engulfs the rat.
The rat explodes!
The fiery explosion engulfs something.
Cheibriados appreciates the change of pace. x2
The fiery explosion engulfs you!
Ouch! That really hurt!
You die...

###### ****** #....# ***####**
*,,,,, #....# *,.....,***,,,,,
########....######%?.....,,,,,,,,
...........g§§§§@'.......,,,,,,,,
########....######.......,,,,,,,,
#....# *,.)...,,,,,,,,, #....#
*,,....,,,,,,,,, #....#
*,,,...,***,,,,, #....# *****#***
*,,,,, #....# *,,,,, #....#
*,,,,, ###+## ****** *,* ********
*,* *,,,,,,*


You could see a goblin (inner flame).

Vanquished Creatures
  A ball python (D:2)
  2 giant cockroaches
  5 goblins
  3 hobgoblins (D:1)
  7 kobolds
  A quokka (D:4)
  6 bats
  A giant newt (D:1)
  4 rats
30 creatures vanquished.

Notes
Turn   | Place    | Note
--------------------------------------------------------------
     0 | D:1      | MrRokkomies, the Gargoyle Transmuter, began the quest for the Orb.
     0 | D:1      | Reached XP level 1. HP: 12/12 MP: 3/3
   283 | D:1      | Reached XP level 2. HP: 16/16 MP: 5/5
   356 | D:1      | Found a snail-covered altar of Cheibriados.
   364 | D:1      | Became a worshipper of Cheibriados the Contemplative
  1274 | D:2      | Reached XP level 3. HP: 19/21 MP: 6/6
  1327 | D:2      | Acquired Cheibriados's first power
  1335 | D:2      | You fall through a shaft for 2 floors!
  1395 | D:4      | Noticed a sky beast
  1399 | D:3      | Found a sacrificial altar of Ru.
  1437 | D:3      | Killed from afar by a bat zombie

Action                   || total
-------------------------++-------
Melee: Unarmed           ||   137
 Cast: Beastly Appendage ||     3
  Use: Scroll            ||     4
  Eat: Chunk             ||     2
